 Dungeon Crawl Stone Soup version 0.29.1-15-g9cfb28693d (webtiles) character file.

Game seed: 2024364660112977594

21 protoss039 the Sneak (level 2, -1/14 HPs)
             Began as a Spriggan Enchanter on Mar 13, 2023.
             Slain by a kobold
             ... wielding a +1 dagger of venom
              (3 damage)
             ... on level 2 of the Dungeon.
             The game lasted 00:01:34 (902 turns).

protoss039 the Sneak (Spriggan Enchanter)            Turns: 902, Time: 00:01:35

Health: -1/14      AC:  3    Str:  4    XL:     2   Next: 65%
Magic:  2/6        EV: 17    Int: 16    God:
Gold:   81         SH:  0    Dex: 15    Spells: 4/6 levels left

rFire   . . .      SeeInvis +   d - +1 short sword (speed)
rCold   . . .      Faith    .   (no shield)
rNeg    . . .      Spirit   .   b - +0 robe
rPois   .          Reflect  .   j - +1 hat
rElec   .          Harm     .   (no cloak)
rCorr   .          Rampage  .   (gloves unavailable)
Will    .....                   (boots unavailable)
Stlth   +++.......              (no amulet)
HPRegen 0.04/turn               (no ring)
MPRegen 0.10/turn               (no ring)

@: lethally poisoned (-1 -> -10), very slightly contaminated, invisible, very
quick
A: very small, no large weapons, unfitting armour, see invisible, speed 3
a: no special abilities


You were on level 2 of the Dungeon.
You visited 1 branch of the dungeon, and saw 2 of its levels.

You collected 81 gold pieces.

Inventory:

Hand Weapons
 d - a +1 short sword of speed (weapon)
Missiles
 e - 12 atropa-tipped darts (quivered)
 m - 2 poisoned darts
Armour
 b - a +0 robe (worn)
 j - a +1 hat (worn)
Jewellery
 a - a ring of willpower
Scrolls
 f - a scroll of silence {unknown}
 h - a scroll of teleportation {unknown}
 k - a scroll of blinking {unknown}
 l - a scroll of identify {unknown}
Potions
 c - a potion of invisibility
 g - 2 potions of mutation {unknown}
 i - a potion of lignification {unknown}
 n - a potion of cancellation {unknown}


   Skills:
 * Level 0.7 Fighting
 + Level 1.3 Short Blades
 * Level 3.3 Dodging
 + Level 4.6 Stealth
 + Level 2.8 Spellcasting
 + Level 3.7 Hexes
 + Level 0.1 Ice Magic


You had 4 spell levels left.
You knew the following spells:

 Your Spells              Type           Power      Damage    Failure   Level
a - Ensorcelled Hibernat  Hex/Ice        16%        N/A       13%         2

Your spell library contained the following spells:

 Spells                   Type           Power      Damage    Failure   Level
 Confusing Touch          Hex            14%        N/A       12%         3
 Tukima's Dance           Hex            14%        N/A       12%         3
 Apportation              Tloc           4%         N/A       19%         1
 Necrotise                Necr           8%         1d4       19%         1
 Summon Small Mammal      Summ           8%         N/A       19%         1
 Dazzling Flash           Conj/Hex       16%        N/A       26%         3
 Poisonous Vapours        Pois/Air       4%         N/A       28%         2
 Mephitic Cloud           Conj/Pois/Air  2%         N/A       50%         3
 Silence                  Hex/Air        4%         N/A       94%         5
 Death Channel            Necr           1%         N/A       100%        6
 Dispersal                Tloc           1%         N/A       100%        6
 Disjunction              Tloc           1%         N/A       100%        8


Dungeon Overview and Level Annotations

Branches:
Dungeon (2/15) Zot: 11393

Altars:


Innate Abilities, Weirdness & Mutations

You are very small and have problems with some larger weapons.
You are too small for most types of armour.
You have supernaturally acute eyesight. (SInv)
You cover ground extremely quickly. (Speed+++)


Message History

A kobold is nearby!
The kobold hits you with a +1 dagger of venom.
You hit the kobold.
The kobold is heavily wounded.
Unknown command.
Unknown command.
Casting: Ensorcelled Hibernation (safe; 13% risk of failure)
Confirm with . or Enter, or press ? or * to list all spells.
Aiming: Ensorcelled Hibernation (safe; 13% risk of failure)
Press: ? - help, Shift-Dir - straight line, f - kobold
Aim: a kobold, wielding a +1 dagger of venom (heavily wounded, chance to affect: 59%)
The kobold resists with significant effort.
The kobold hits you with a +1 dagger of venom.
You are poisoned.
You barely miss the kobold.
The kobold is heavily wounded.
You feel sick.
The kobold hits you with a +1 dagger of venom.
You are lethally poisoned!
Unknown command.
Casting: Ensorcelled Hibernation (safe; 13% risk of failure)
Confirm with . or Enter, or press ? or * to list all spells.
Aiming: Ensorcelled Hibernation (safe; 13% risk of failure)
Press: ? - help, Shift-Dir - straight line, f/p - kobold
Aim: a kobold, wielding a +1 dagger of venom (heavily wounded, chance to affect: 59%)
You miscast Ensorcelled Hibernation.
You are very lightly contaminated with residual magic.
Nothing appears to happen.
You feel very sick. The kobold barely misses you.
Okay, then.
You closely miss the kobold.
The kobold is heavily wounded.
You feel sick. The kobold barely misses you.
Unknown command.
You fade into invisibility!
* * * LOW HITPOINT WARNING * * *
You feel very sick.
The kobold hits you with a +1 dagger of venom.
You die...

#..........[.######
# ####...##.....#
..#.............#
............#.###
...............#
##.###...####..#
#.###...####..#
#............>#
#####@###..... #K#
####. #.# #.# #..
###


You could see a kobold (unable to see you).

Vanquished Creatures
  2 dart slugs (D:1)
  6 ball pythons
  3 hobgoblins (D:1)
  A kobold (D:1)
  2 quokkas
  A goblin (D:1)
15 creatures vanquished.

Vanquished Creatures (others)
  3 demonic plants (D:2)
3 creatures vanquished.

Grand Total: 18 creatures vanquished

Notes
Turn   | Place    | Note
-------+----------+-------------------------------------------
     0 | D:1      | protoss039 the Spriggan Enchanter began the quest for the
                  | Orb.
     0 | D:1      | Reached XP level 1. HP: 9/9 MP: 5/5
   376 | D:1      | Reached XP level 2. HP: 14/14 MP: 6/6
   394 | D:1      | Learned a level 2 spell: Ensorcelled Hibernation
   650 | D:1      | Got Mainim's Atlas of the Ghoulish Nimbus
   902 | D:2      | Slain by a kobold

Illustrated notes

Levels and vault maps discovered:
D:1:      dpeg_arrival_chambers_temple_mockup, layout_loops_ring
D:2:      layout_loops_ring, shapermc_ecumenical_altar_gd, basic_altar,
          minmay_tripent

Skill      XL: |  1 |
---------------+----+-----
Dodging        | 3 |  3.3
Fighting       | |  0.7
Short Blades   | |  1.3
Stealth        | |  4.6
Spellcasting   | |  2.8
Hexes          | |  3.7
Ice Magic      | |  0.1

Action                   || total
-------------------------++-------
Melee: Short sword       ||    31
       Punch             ||     2
 Cast: Ensorcelled Hiber ||     3
  Use: Potion            ||     1
 Stab: Sleeping          ||     8
Dodge: Dodged            ||    11
